 Dungeon Crawl Stone Soup version 0.21.1-1-g345015f (webtiles) character file.

129 theblackcape the Changer (level 5, 0/33 HPs)
             Began as an Octopode Transmuter on July 15, 2018.
             Killed from afar by Natasha (4 damage)
             ... with a wand of flame (31)
             ... on level 3 of the Dungeon.
             The game lasted 00:04:38 (2076 turns).

theblackcape the Changer (Octopode Transmuter)      Turns: 2076, Time: 00:04:39

Health: 0/33       AC:  1    Str: 10    XL:     5   Next: 12%
Magic:  2/8        EV: 13    Int: 15    God:
Gold:   111        SH:  0    Dex: 13    Spells: 5/8 levels left

rFire    . . .     SeeInvis .     - Unarmed
rCold    . . .     Gourm    .   (no shield)
rNeg     . . .     Faith    .   (helmet restricted)
rPois    .         Spirit   .   (no amulet)
rElec    .         Reflect  .   (no ring)
rCorr    .         Harm     .   (no ring)
MR       .....                  (no ring)
Stlth    ++........             (no ring)
HPRegen  0.11/turn              (no ring)
MPRegen  0.11/turn              (no ring)
                                (no ring)
                                (no ring)

@: appendage, slowed, very slow
A: almost no armour, stealthy swim, amphibious, 8 rings, constrict 8, tentacle
spike 3, camouflage 1, gelatinous body 1
a: End Transformation


You were on level 3 of the Dungeon.
You were not hungry.
One of your tentacles had a temporary spike.
You visited 1 branch of the dungeon, and saw 3 of its levels.

You collected 111 gold pieces.

Inventory:

Missiles
 a - 9 arrows
Scrolls
 f - a scroll of teleportation
 g - a scroll of remove curse
Potions
 e - a potion of flight
 h - a potion of brilliance
Books
 b - a book of Changes

   Spells                             Type                      Level
   a - Beastly Appendage              Transmutation                1
   b - Sticks to Snakes               Transmutation                2
   c - Spider Form                    Transmutation/Poison         3
   d - Ice Form                       Ice/Transmutation            4
   e - Blade Hands                    Transmutation                5
Comestibles
 c - 5 rations


   Skills:
 - Level 1.0 Fighting
 - Level 2.0 Dodging
 - Level 3.0 Unarmed Combat
 - Level 2.0 Spellcasting
 + Level 5.1 Transmutations


You had 5 spell levels left.
You knew the following spells:

 Your Spells              Type           Power        Failure   Level  Hunger
a - Beastly Appendage     Tmut           ###...       2%          1    #......
b - Sticks to Snakes      Tmut           ###.....     4%          2    ###....


Dungeon Overview and Level Annotations

Branches:
Dungeon (3/15)

Altars:

Annotations:
D:3 Natasha


Innate Abilities, Weirdness & Mutations

You cannot wear most types of armour.
You are very stealthy in the water. (Stealth+)
You are amphibious.
You can wear up to eight rings at the same time.
You can use your tentacles to constrict eight enemies at once.
Your skin changes colour to match your surroundings (Stealth+).
Your rubbery body absorbs attacks. (AC +1, EV +1)
One of your tentacles bears a large vicious spike.


Message History

Casting: Beastly Appendage
Confirm with . or Enter, or press ? or * to list all spells.
You create a snake!
You now have 11 arrows.
Natasha zaps a wand.
The puff of flame hits your ball python.
Your ball python dies!
Casting: Sticks to Snakes
Confirm with . or Enter, or press ? or * to list all spells.
You create a snake!
You now have 10 arrows.
Natasha howls an incantation.
You feel troubled. Natasha casts a spell at you. The magic dart hits you!
* * * LOW HITPOINT WARNING * * *
You swap places.
Natasha claws your ball python.
Your ball python dies!
Casting: Sticks to Snakes
Confirm with . or Enter, or press ? or * to list all spells.
You create a snake!
You now have 9 arrows.
Natasha zaps a wand.
The puff of flame hits you!
You die...

#.# #.# #.#
#########
#.######........
#.........######
#########..#
#S........<#
#.#######..# #@#
#..# #.# #..#
#h# ...# ####
#.# #... .....
#.# #..#######
#.. ... #.# #..
#.#


You could see Natasha and a friendly ball python.

Vanquished Creatures
  A bullfrog (D:2)
  An adder (D:2)
  An ooze (D:1)
  2 leopard geckos (D:1)
  2 bats
  9 goblins
  5 hobgoblins
  6 jackals (D:2)
  A ball python (D:1)
  4 frilled lizards
  7 kobolds
  7 rats
46 creatures vanquished.

Notes
Turn   | Place    | Note
-------+----------+-------------------------------------------
     0 | D:1      | theblackcape the Octopode Transmuter began the quest for the Orb.
     0 | D:1      | Reached XP level 1. HP: 13/13 MP: 3/3
    21 | D:1      | Reached XP level 2. HP: 13/18 MP: 5/5
    27 | D:1      | Reached skill level 3 in Transmutations
   574 | D:1      | Reached XP level 3. HP: 21/23 MP: 6/6
   813 | D:2      | Learned a level 2 spell: Sticks to Snakes
   817 | D:2      | Learned a level 3 spell: Spider Form
  1293 | D:2      | Noticed a bullfrog
  1299 | D:2      | Killed a bullfrog
  1299 | D:2      | Reached skill level 4 in Transmutations
  1299 | D:2      | Reached XP level 4. HP: 10/28 MP: 5/7
  1576 | D:2      | Reached skill level 5 in Transmutations
  1578 | D:2      | Reached XP level 5. HP: 28/33 MP: 8/8
  2068 | D:3      | Noticed Natasha
  2076 | D:3      | Killed from afar by Natasha

Skill      XL: |  1  2  3  4 |
---------------+-------------+-----
Transmutations | 3 4 5 |  5.1
Fighting       | |  1.0
Dodging        | |  2.0
Unarmed Combat | |  3.0
Spellcasting   | |  2.0

Action                   |  1- 3 |  4- 6 || total
-------------------------+-------+-------++-------
Melee: Unarmed           |    58 |    34 ||    92
       Constrict         |    21 |     9 ||    30
       Tentacles         |     8 |     4 ||    12
       Kick              |     7 |     5 ||    12
       Punch             |     1 |       ||     1
 Cast: Beastly Appendage |    12 |     6 ||    18
       Sticks to Snakes  |       |     3 ||     3
  Use: Scroll            |       |     7 ||     7
       Potion            |       |     1 ||     1
 Stab: Sleeping          |     9 |     3 ||    12
  Eat: Chunk             |     1 |     3 ||     4
Armor: Skin              |     4 |     4 ||     8
Dodge: Dodged            |    27 |    16 ||    43
